 Dungeon Crawl Stone Soup version 0.30-a0-802-gb92711bcdf (console) character file.

Game seed: 10202858999657578137

14485 capslocke the Dealer of Despair (level 11, -20/74 HPs)
             Began as a Demonspawn Necromancer on Jan 12, 2023.
             Was an Elder of Kikubaaqudgha.
             Killed from afar by an ice dragon (27 damage)
             ... with a blast of cold
             ... on level 11 of the Dungeon on Feb 25, 2023.
             The game lasted 01:11:28 (13272 turns).

capslocke the Dealer of Despair (DsNe)             Turns: 13272, Time: 01:11:28

Health: -20/74     AC: 18    Str:  8    XL:     11   Next: 89%
Magic:  23/26      EV: 15    Int: 28    God:    Kikubaaqudgha [****..]
Gold:   766        SH:  4    Dex: 13    Spells: 14/32 levels left

rFire   + . .      SeeInvis .    I - +5 scythe (protect)
rCold   . . .      Faith    .    (shield currently unavailable)
rNeg    . . .      Spirit   .    X - +1 troll leather armour
rPois   .          Reflect  .    (helmet restricted)
rElec   .          Harm     .    F - +1 cloak
rCorr   .          Rampage  .    (no gloves)
Will    .....                    k - +2 pair of boots
Stlth   ++                       (no amulet)
HPRegen 1.12/turn                A - ring of protection from fire
MPRegen 0.20/turn                T - +6 ring of intelligence

@: very slightly contaminated
A: antennae 1, repulsion field 1, icemail 2, condensation shield
a: Renounce Religion, Unearth Wretches


You were on level 11 of the Dungeon.
You worshipped Kikubaaqudgha.
Kikubaaqudgha was greatly pleased with you.
You visited 2 branches of the dungeon, and saw 12 of its levels.

You collected 766 gold pieces.

Inventory:

Hand Weapons
 q - a +3 vampiric dagger
 I - a +5 scythe of protection (weapon)
 L - a +1 long sword of flaming
 U - the +8 falchion "Spiderbane" {heavy, Will+}
   (You found it on level 8 of the Dungeon)

   Will:      It increases your willpower.
Missiles
 i - 6 datura-tipped darts
 t - 6 boomerangs
 B - 25 poisoned darts (quivered)
 H - 5 javelins
 V - a throwing net
 W - 2 curare-tipped darts
Armour
 a - a +0 robe
 d - a +1 leather armour
 k - a +2 pair of boots (worn)
 y - a +2 leather armour of willpower
 F - a +1 cloak (worn)
 M - +0 steam dragon scales
 X - a +1 troll leather armour (worn)
Jewellery
 A - a ring of protection from fire (left hand)
 O - a ring of willpower
 P - a ring of protection from cold
 Q - a ring of fire
 R - a ring of willpower
 T - a +6 ring of intelligence (right hand)
Wands
 h - a wand of paralysis (3)
 w - a wand of roots (12)
 K - a wand of acid (5)
Scrolls
 c - 5 scrolls of poison
 m - 6 scrolls of identify
 n - a scroll of teleportation
 o - 2 scrolls of magic mapping {unknown}
 s - a scroll of noise {unknown}
 u - 5 scrolls of amnesia
 v - 2 scrolls of silence {unknown}
 C - 2 scrolls of immolation {unknown}
 D - a scroll of vulnerability {unknown}
 G - 3 scrolls of fear
 N - a scroll of fog {unknown}
 S - a scroll of butterflies {unknown}
 Y - a scroll of blinking {unknown}
Potions
 e - 2 potions of ambrosia {unknown}
 f - 2 potions of mutation {unknown}
 g - 6 potions of curing
 j - 3 potions of haste {unknown}
 l - 2 potions of berserk rage {unknown}
 p - 3 potions of might {unknown}
 r - 2 potions of brilliance {unknown}
 x - 6 potions of flight {unknown}
 z - 2 potions of lignification {unknown}
 E - a potion of attraction {unknown}
 J - a potion of cancellation {unknown}


   Skills:
 + Level 2.9 Fighting
 + Level 5.6 Polearms
 + Level 3.3 Armour
 + Level 4.6 Dodging
 - Level 1.7 Stealth
 + Level 1.9 Shields
 + Level 11.4 Spellcasting
 + Level 13.1 Necromancy
 + Level 0.1 Earth Magic
 + Level 2.3 Evocations


You had 14 spell levels left.
You knew the following spells:

 Your Spells              Type           Power      Damage    Failure   Level
a - Necrotise             Necr           100%       1d9       1%          1
b - Vampiric Draining     Necr           74%        2d11      1%          3
c - Agony                 Necr           74%        N/A       1%          5
d - Dispel Undead         Necr           74%        3d25      1%          4
e - Borgnjor's Vile Clut  Necr/Erth      26%        N/A       9%          5

Your spell library contained the following spells:

 Spells                   Type           Power      Damage    Failure   Level
 Kiss of Death            Conj/Necr      100%       2d13      1%          1
 Animate Dead             Necr           74%        N/A       1%          4
 Anguish                  Hex/Necr       25%        N/A       3%          4
 Ignite Poison            Fire/Tmut/Pois 15%        N/A       14%         3
 Sticky Flame             Conj/Fire      15%        2d4       43%         4
 Simulacrum               Ice/Necr       25%        N/A       45%         6
 Ignition                 Fire           7%         3d5       100%        8


Dungeon Overview and Level Annotations

Branches:
Dungeon (11/15)            Temple (1/1) D:5            Lair (0/5) D:9
    Orc (0/2) D:11

Altars:
Ashenzari
Cheibriados
Dithmenos
Fedhas
Gozag
Hepliaklqana
Kikubaaqudgha
Makhleb
Nemelex Xobeh
Okawaru
Qazlal
Ru
Sif Muna
Trog
Uskayaw
Vehumet
Wu Jian
Xom
Yredelemnul

Annotations:
D:6 2 runed translucent doors, wormed's ghost, novice GnWn
D:7 exclusion: deep elf zephyrmancer
D:8 1 runed translucent door, logorrheac's ghost, novice TrBe
D:9 1 exclusion


Innate Abilities, Weirdness & Mutations

You have a pair of small antennae on your head.
You are surrounded by a mild repulsion field. (EV +2)
A meltable icy envelope protects you from harm. (AC +8)
A meltable shield of frost defends you. (SH +4)


Message History

Casting: Vampiric Draining (safe; 1% risk of failure)
Confirm with . or Enter, or press ? or * to list all spells.
Aiming: Vampiric Draining (safe; 1% risk of failure)
Press: ? - help, Shift-Dir - straight line, f/p - ice dragon
Aim: an ice dragon (moderately wounded)
You draw life force from the ice dragon!
You feel life coursing into your body! The ice dragon breathes frost at you.
The blast of cold hits you!!
* * * LOW HITPOINT WARNING * * *
Okay, then.
Casting: Vampiric Draining (safe; 1% risk of failure)
Confirm with . or Enter, or press ? or * to list all spells.
Aiming: Vampiric Draining (safe; 1% risk of failure)
Press: ? - help, Shift-Dir - straight line, f/p - ice dragon
Aim: an ice dragon (heavily wounded, catching its breath)
You draw life force from the ice dragon!!
You feel life coursing into your body!
The ice dragon bites you but does no damage.
The ice dragon claws you!
* * * LOW HITPOINT WARNING * * *
The ice dragon misses you.
Casting: Vampiric Draining (safe; 1% risk of failure)
Confirm with . or Enter, or press ? or * to list all spells.
Aiming: Vampiric Draining (safe; 1% risk of failure)
Press: ? - help, Shift-Dir - straight line, f/p - ice dragon
Aim: an ice dragon (severely wounded, catching its breath)
You miscast Vampiric Draining.
You are very lightly contaminated with residual magic.
Nothing appears to happen.
The ice dragon completely misses you. The ice dragon claws you.
* * * LOW HITPOINT WARNING * * *
The ice dragon tramples you.
* * * LOW HITPOINT WARNING * * *
You hold your ground!
Magic courses through your body. The ice dragon breathes frost at you.
The blast of cold hits you!!
You die...
Kikubaaqudgha rasps: "You have failed me!
Welcome... death!"

#.......##.........#.....#....##
#.....#.........#........#.####.
#...........................##..
.###.......#.....###.............
.###...#..##.#[#####...........<.
.......#..#..#.##................
##.....#....##....##............<
...>.....#..###.####.####........
#...........####@###.............
.......###.#.# ##D##.#########..)
.#...>.# #.### #{###.#########)))
.#.....# #.# #D ##..........#.
.#..)..# #.# .h #.....####...
.#.....###.## ##. #.....# #.##
............# .. #.....# ##...
.#.##..#.#### .. #.....###...#
.#.###...##.# .. #..........##


You could see an ice dragon (catching breath).

Vanquished Creatures
  Erica (D:8)
  A two-headed ogre (D:8)
  Pikel (D:4)
  A manticore (D:8)
  Joseph (D:7)
  Maurice (D:8)
  An unseen horror (D:11)
  Maggie (D:6)
  A polar bear (D:11)
  5 trolls
  A hornet (D:8)
  Sigmund (D:5)
  A shadow (D:10)
  Eustachio (D:6)
  23 yaks
  A wyvern (D:7)
  2 vampire mosquitoes (D:9)
  An acid dragon (D:9)
  Duvessa (D:6)
  A water moccasin (D:9)
  6 orc warriors
  2 sky beasts
  4 ice beasts
  7 ogres
  A centaur (D:6)
  A wolf (D:11)
  5 kobold brigands
  3 bullfrogs
  4 gnoll sergeants (D:11)
  3 necrophages
  Dowan (D:6)
  14 killer bees
  2 hounds
  2 orc priests (D:10)
  A gnoll bouda (D:7)
  A jelly (D:6)
  Ijyb (D:3)
  3 iguanas
  6 orc wizards
  Robin (D:2)
  6 gnolls
  8 adders
  A shadow imp (D:5)
  A white imp (D:6)
  An ufetubus (D:6)
  5 worms
  A dart slug (D:3)
  19 orcs
  6 ball pythons
  6 endoplasms
  6 giant cockroaches
  18 goblins
  7 hobgoblins
  A jackal (D:2)
  15 kobolds
  5 quokkas
  7 bats
  A frilled lizard (D:1)
  10 rats
239 creatures vanquished.

Vanquished Creatures (collateral kills)
  A cyclops (D:11)
  A troll (D:10)
  A yak (D:8)
  A bullfrog (D:8)
  A scorpion (D:4)
  3 killer bees (D:10)
  A jelly (D:6)
  A gnoll (D:7)
  An ufetubus (D:6)
  2 orcs
  An endoplasm (D:3)
  2 goblins (D:2)
  A kobold (D:9)
  3 rats
20 creatures vanquished.

Vanquished Creatures (others)
  4 toadstools (D:1)
4 creatures vanquished.

Grand Total: 263 creatures vanquished

Notes
Turn   | Place    | Note
-------+----------+-------------------------------------------
     0 | D:1      | capslocke the Demonspawn Necromancer began the quest for
                  | the Orb.
     0 | D:1      | Reached XP level 1. HP: 13/13 MP: 3/3
   430 | D:1      | Gained mutation: You have a pair of small antennae on your
                  | head. [demonic ancestry]
   430 | D:1      | Reached XP level 2. HP: 19/19 MP: 3/5
   870 | D:1      | Reached skill level 5 in Necromancy
  1378 | D:2      | Reached XP level 3. HP: 23/24 MP: 0/6
  1568 | D:2      | Noticed Robin
  1844 | D:2      | Killed Robin
  1845 | D:2      | Gained mutation: You are surrounded by a mild repulsion
                  | field. (EV +2) [demonic ancestry]
  1845 | D:2      | Reached XP level 4. HP: 30/30 MP: 4/8
  2414 | D:2      | Learned a level 3 spell: Vampiric Draining
  2791 | D:3      | Noticed Ijyb
  2800 | D:3      | Killed Ijyb
  2801 | D:3      | Reached XP level 5. HP: 22/35 MP: 1/10
  3421 | D:4      | Reached skill level 6 in Necromancy
  3541 | D:4      | Noticed a lemure
  3541 | D:4      | Noticed a lemure
  3542 | D:4      | Noticed Pikel
  3542 | D:4      | Noticed a lemure
  3543 | D:4      | Noticed a lemure
  3745 | D:4      | Reached skill level 1 in Armour
  3745 | D:4      | Gained mutation: A meltable shield of frost defends you.
                  | (SH +4) [demonic ancestry]
  3745 | D:4      | Reached XP level 6. HP: 25/41 MP: 3/12
  3824 | D:4      | Found a burning altar of Makhleb.
  4000 | D:5      | Entered Level 5 of the Dungeon
  4015 | D:5      | Found a staircase to the Ecumenical Temple.
  4031 | Temple   | Entered the Ecumenical Temple
  4107 | Temple   | Became a worshipper of Kikubaaqudgha
  4421 | D:5      | Found a hazy altar of Hepliaklqana.
  4425 | D:5      | Noticed Sigmund
  4908 | D:6      | Noticed Maggie
  4946 | D:6      | Noticed a two-headed ogre
  5056 | D:4      | Reached skill level 5 in Spellcasting
  5116 | D:4      | Found a stormy altar of Qazlal.
  5214 | D:4      | Killed Pikel
  5215 | D:4      | Reached skill level 7 in Necromancy
  5215 | D:4      | Gained mutation: A meltable icy envelope protects you from
                  | harm. (AC +8) [demonic ancestry]
  5215 | D:4      | Reached XP level 7. HP: 32/47 MP: 1/16
  5353 | D:5      | Killed Sigmund
  5354 | D:5      | Reached XP level 8. HP: 49/53 MP: 6/17
  5514 | D:6      | Noticed Eustachio
  5537 | D:6      | Killed Eustachio
  5538 | D:6      | Reached skill level 1 in Fighting
  5538 | D:6      | Reached skill level 8 in Necromancy
  5559 | D:6      | Noticed Duvessa
  5571 | D:6      | Noticed Dowan
  5774 | D:6      | Killed Duvessa
  5776 | D:6      | Killed Dowan
  5777 | D:6      | Reached skill level 1 in Polearms
  5926 | D:6      | Learned a level 5 spell: Agony
  5979 | D:6      | Found a runed translucent door.
  5982 | D:6      | Noticed wormed's ghost (novice GnWn)
  6094 | D:6      | Found a runed translucent door.
  6273 | D:6      | Reached * piety under Kikubaaqudgha
  6273 | D:6      | Received a gift from Kikubaaqudgha
  6295 | D:6      | Reached skill level 9 in Necromancy
  6295 | D:6      | Gained mutation: A meltable icy envelope protects you from
                  | harm. (AC +8) [demonic ancestry]
  6295 | D:6      | Reached XP level 9. HP: 53/59 MP: 14/20
  6455 | D:6      | Killed Maggie
  6559 | D:6      | Found an ornate altar of the Wu Jian Council.
  7215 | D:7      | Reached skill level 1 in Shields
  7527 | D:7      | Noticed Joseph
  7583 | D:7      | Killed Joseph
  7584 | D:7      | Reached skill level 10 in Necromancy
  8041 | D:7      | Reached ** piety under Kikubaaqudgha
  8108 | D:7      | Noticed a deep elf zephyrmancer
  8425 | D:8      | Noticed Erica
  8442 | D:8      | Killed Erica
  8443 | D:8      | Reached XP level 10. HP: 38/67 MP: 7/23
  8586 | D:8      | Noticed a manticore
  8602 | D:8      | Killed a manticore
  8603 | D:8      | Reached skill level 11 in Necromancy
  8603 | D:8      | Reached skill level 1 in Evocations
  8678 | D:8      | Found a snail-covered altar of Cheibriados.
  8705 | D:8      | Found a runed translucent door.
  8705 | D:8      | Found a shimmering altar of Xom.
  8705 | D:8      | Noticed logorrheac's ghost (novice TrBe)
  8705 | D:8      | Noticed a +0 short sword of chaos
  8824 | D:8      | Noticed a two-headed ogre
  8836 | D:8      | Killed a two-headed ogre
  8872 | D:8      | Noticed Maurice
  8996 | D:8      | Killed Maurice
  9118 | D:8      | Reached skill level 10 in Spellcasting
  9216 | D:8      | Identified the +8 falchion "Spiderbane" {heavy, Will+}
  9747 | D:9      | Found a staircase to the Lair.
 10542 | D:10     | Entered Level 10 of the Dungeon
 10786 | D:10     | Reached XP level 11. HP: 69/72 MP: 10/25
 10890 | D:10     | Reached skill level 12 in Necromancy
 11265 | D:10     | Reached *** piety under Kikubaaqudgha
 11265 | D:10     | Received a gift from Kikubaaqudgha
 11446 | D:10     | Learned a level 4 spell: Dispel Undead
 11907 | D:11     | Found a gate leading to a gauntlet.
 11964 | D:11     | Found a staircase to the Orcish Mines.
 12389 | D:11     | Upgraded the game from 0.30-a0-626-gd6a5dd7a1f to
                  | 0.30-a0-802-gb92711bcdf
 12395 | D:11     | Learned a level 5 spell: Borgnjor's Vile Clutch
 12551 | D:11     | Found a blossoming altar of Fedhas.
 12654 | D:11     | Reached skill level 5 in Polearms
 12806 | D:11     | Reached **** piety under Kikubaaqudgha
 13209 | D:11     | Noticed an ice dragon
 13218 | D:11     | Reached skill level 13 in Necromancy
 13272 | D:11     | Killed from afar by an ice dragon

Illustrated notes

Levels and vault maps discovered:
D:1:      ldierk_walled_garden_2, layout_loops_corners
D:2:      kennysheep_six_static_rooms, layout_loops_ring, uniq_robin
D:3:      layout_rooms, gup_sewer_entry_bowl, serial_curves, eino_curves_01,
          eino_curves_01, grunt_ministairs_15, hex_tiny, uniq_ijyb
D:4:      minmay_evil_eye, layout_cave_pools, lemuel_tele_altar,
          mainiacjoe_overflow_small_starburst, serial_glass, glass_columns_a,
          glass_columns_b, serial_bayou_pond_c, uniq_pikel
D:5:      layout_loops_ring, mainiacjoe_overflow_chevrons,
          minmay_temple_entry_mist, uniq_grinder, uniq_sigmund
D:6:      layout_basic, elyvilon_altar_3, mainiacjoe_overflow_alcove_4,
          ebering_ghost_sewer_f, grunt_ministairs_11, uniq_duvessa, uniq_maggie,
          uniq_eustachio
D:7:      layout_gridville, enter_bailey_7, guppyfry_early_elven_hall,
          uniq_joseph
D:8:      layout_cave_pods, cheibriados_altar_1, ebering_ghost_xom, uniq_erica,
          uniq_maurice
D:9:      layout_irregular_city, lair_entry_dummy
D:10:     layout_rooms, lemuel_round_altar
D:11:     layout_rooms, kennysheep_orc_monster_closet_entryway,
          gauntlet_entry_generic, portal_ice_cave_entry_animals_and_master,
          fedhas_altar_3
Temple:   nicolae_temple_superstar

Skill      XL: |  1  2  3  4  5  6  7  8  9 10 11 |
---------------+----------------------------------+-----
Necromancy     | 5 6 7 9 10 11 13 | 13.1
Spellcasting   | 3 4 6 7 9 10 11 | 11.4
Dodging        | 2 3 4 |  4.6
Armour         | 1 2 3 |  3.3
Fighting       | 1 2 |  2.9
Polearms       | 1 2 3 5 |  5.6
Shields        | 1 |  1.9
Evocations     | 2 |  2.3
Stealth        | |  1.7
Earth Magic    | |  0.1

Action                     |  1- 3 |  4- 6 |  7- 9 | 10-12 || total
---------------------------+-------+-------+-------+-------++-------
  Melee: Unarmed           |    17 |       |       |       ||    17
         Punch             |     1 |       |       |       ||     1
         Dagger            |       |    33 |       |       ||    33
         Halberd           |       |       |    66 |   240 ||   306
  Throw: Dart              |       |       |    21 |    28 ||    49
   Cast: Necrotise         |    70 |   133 |   181 |   266 ||   650
         Vampiric Draining |       |     3 |    16 |    45 ||    64
         Agony             |       |       |       |     6 ||     6
         Borgnjor's Vile C |       |       |       |     2 ||     2
  Evoke: Wand              |       |     5 |     5 |    28 ||    38
    Use: Scroll            |       |     4 |     1 |     7 ||    12
         Potion            |       |       |     2 |     2 ||     4
 Armour: Leather armour    |     7 |    24 |    73 |   116 ||   220
         Troll leather arm |       |       |       |   230 ||   230
  Dodge: Dodged            |    27 |    62 |   124 |   447 ||   660
  Block: Other             |       |     6 |    23 |   116 ||   145

Table legend: (Time is in decaauts)
 A = Elapsed time spent in this place.
 B = Non-inter-level travel time spent in this place.
 C = Inter-level travel time spent in this place.
 D = Time resting spent in this place.
 E = Time spent auto-exploring this place.
 F = Levels seen in this place.
 G = Mean time per level.
                   A        B        C        D        E       F      G
               +--------+--------+--------+--------+--------+-----+--------+
         Total |  13390 |  12884 |    506 |   3086 |   6991 |  12 | 1115.8 |
       Dungeon |  13248 |  12755 |    493 |   3086 |   6877 |  11 | 1204.4 |
        Temple |    141 |    128 |     13 |      0 |    114 |   1 |  141.0 |
               +--------+--------+--------+--------+--------+-----+--------+

Top non-repeatable levels by time:
     D:8: 1531 daAuts
    D:10: 1436 daAuts
     D:7: 1414 daAuts
     D:6: 1411 daAuts
     D:1: 1286 daAuts
     D:2: 1222 daAuts
    D:11: 1147 daAuts
     D:4: 1043 daAuts
     D:5: 992 daAuts
     D:9: 983 daAuts
     D:3: 779 daAuts
  Temple: 141 daAuts
